Map: 옥사이드 - 래더

Players

Zest

  • Race: Protoss Protoss
  • League: Master
  • Spawn Location: 7:00

INnoVation - Winner!

  • Race: Terran Terran
  • League: Master
  • Spawn Location: 1:00

VOD

https://www.youtube.com/watch?v=6VeFo0pk3KA

Description

Time

  • Played on: Jan. 1, 2021, 7:39 a.m.
  • Length: 9:06
Show
View Real Time Build Order
Export as new Build Order

Zest Protoss 

Build Orders: 1 Gate Expand, Blink Stalkers, Zealot Archon 

Get SALT Encoding   

  12  0:00  Probe  
  13  0:12  Probe  
  14  0:17  Pylon  
  14  0:24  Probe (Chrono Boost)  
  16  0:36  Gateway, Probe (Chrono Boost)  
  16  0:43  Probe (Chrono Boost)  
  16  0:45  Assimilator  
  17  0:50  Probe  
  18  1:03  Probe  
  19  1:15  Probe  
  20  1:21  Nexus  
  20  1:30  Cybernetics Core  
  20  1:33  Probe  
  20  1:37  Assimilator  
  21  1:45  Probe  
  22  1:47  Pylon  
  22  1:59  Probe  
  23  2:04  Stalker (Chrono Boost)  
  23  2:06  Warp Gate  
  23  2:07  Probe  
  26  2:15  Probe  
  26  2:19  Twilight Council  
  27  2:26  Stalker  
  29  2:30  Probe  
  29  2:33  Probe  
  31  2:42  Probe  
  32  2:45  Probe  
  32  2:47  Blink (Chrono Boost)  
  33  2:54  Probe  
  33  2:57  Probe  
  35  2:59  Gateway  
  35  3:06  Probe  
  35  3:09  Probe  
  37  3:13  Pylon  
  37  3:18  Probe  
  38  3:21  Probe  
  39  3:31  Nexus, Probe  
  40  3:34  Probe  
  40  3:39  Robotics Facility  
  41  3:43  Probe  
  41  3:46  Probe  
  41  3:48  Pylon  
  43  3:53  Assimilator  
  43  3:54  Sentry  
  43  3:55  Stalker  
  47  3:57  Probe  
  47  3:59  Probe  
  49  4:06  Phoenix  
  49  4:09  Probe  
  50  4:11  Probe  
  50  4:14  Pylon  
  51  4:18  Stalker x2  
  51  4:22  Gateway  
  51  4:23  Gateway  
  55  4:27  Probe x2  
  57  4:39  Probe x2  
  57  4:42  Stalker x2  
  63  4:50  Charge  
  63  4:51  Probe x2  
  65  4:56  Observer  
  68  5:08  Probe x2 (Chrono Boost)  
  67  5:17  Probe x2 (Chrono Boost)  
  67  5:18  Stalker x4  
  76  5:27  Probe x2  
  75  5:36  Warp Prism (Chrono Boost), Forge  
  75  5:39  Probe  
  75  5:40  Probe  
  79  5:50  Gateway  
  79  5:51  Gateway x2, Probe  
  79  5:52  Gateway, Probe  
  79  5:54  Probe  
  82  5:59  Pylon  
  82  6:02  Pylon  
  82  6:03  Assimilator, Protoss Ground Weapons Level 1 (Chrono Boost)  
  82  6:04  Assimilator  
  82  6:11  Observer (Chrono Boost)  
  83  6:12  Pylon  
  83  6:15  Gateway x2  
  83  6:16  Templar Archives  
  83  6:19  Pylon  
  83  6:22  Probe x2  
  83  6:23  Probe  
  83  6:25  Zealot  
  88  6:26  Pylon  
  88  6:30  Stalker  
  90  6:42  Immortal (Chrono Boost)  
  94  6:47  Zealot x5  
  104  7:01  High Templar x2  
  104  7:02  Zealot  
  110  7:08  Zealot  
  110  7:09  Zealot x2  
  110  7:11  Pylon  
  110  7:13  Archon, Pylon  
  110  7:14  High Templar, Zealot x2  
  110  7:15  Zealot  
  124  7:16  Observer  
  128  7:42  Zealot x6  
  136  7:51  Zealot x3  
  136  7:57  Zealot  
  110  8:04  Zealot x6  
  118  8:08  Robotics Facility, Observer  
  118  8:14  High Templar x2  
  118  8:15  High Templar  
  118  8:19  Archon x2  
  124  8:22  Sentry  
  124  8:26  Zealot x6  
  129  8:47  Zealot x10  
Show
View Real Time Build Order
Export as new Build Order

INnoVation Terran - Winner!

Build Orders: Reaper Expand 

Get SALT Encoding   

  12  0:00  SCV  
  13  0:12  SCV  
  14  0:17  Supply Depot  
  14  0:24  SCV  
  15  0:38  SCV  
  15  0:39  Barracks  
  15  0:42  Refinery  
  16  0:50  SCV  
  17  1:02  SCV  
  18  1:15  SCV  
  19  1:26  Reaper  
  19  1:27  Orbital Command  
  20  1:38  Command Center  
  20  1:48  Supply Depot  
  20  1:52  SCV  
  21  1:58  Marine  
  22  2:04  SCV  
  22  2:06  Factory  
  23  2:13  Bunker  
  23  2:16  SCV  
  23  2:18  Refinery  
  23  2:20  Barracks Reactor  
  24  2:28  SCV  
  25  2:40  SCV  
  26  2:49  Orbital Command  
  26  2:51  Starport  
  26  2:53  SCV  
  26  2:56  Widow Mine, Marine x2  
  31  3:05  SCV  
  32  3:14  Marine x2  
  32  3:16  SCV  
  32  3:17  Widow Mine, SCV  
  38  3:26  Supply Depot  
  38  3:28  Medivac  
  38  3:29  Barracks, SCV  
  38  3:31  SCV  
  43  3:39  Widow Mine  
  46  3:44  SCV  
  46  3:45  SCV  
  46  3:49  Supply Depot, Marine  
  46  3:50  Marine  
  46  3:52  Barracks  
  48  3:57  SCV x2  
  48  3:59  Starport Tech Lab  
  48  4:01  Factory Tech Lab  
  50  4:06  Engineering Bay  
  50  4:07  Marine  
  50  4:08  Marine  
  50  4:09  SCV  
  53  4:10  SCV  
  53  4:17  Supply Depot, Raven  
  54  4:22  SCV x2, Refinery  
  58  4:27  Stimpack  
  58  4:33  Marine x3  
  58  4:35  SCV  
  58  4:37  Supply Depot  
  63  4:38  SCV  
  63  4:46  Factory Reactor, Marine  
  63  4:49  SCV  
  63  4:50  Marine, SCV  
  63  4:51  Marine x2  
  69  4:53  Supply Depot  
  69  4:56  Refinery  
  69  5:01  SCV  
  69  5:02  SCV  
  70  5:08  Marine x2  
  70  5:09  Marine  
  70  5:10  Starport Reactor  
  70  5:13  Combat Shield, SCV  
  74  5:14  SCV  
  74  5:17  Terran Infantry Weapons Level 1, Supply Depot  
  73  5:21  Supply Depot  
  73  5:27  Marauder x2, Marine x2  
  77  5:29  Widow Mine  
  77  5:30  Widow Mine  
  77  5:44  SCV, Marine  
  77  5:45  Marine  
  77  5:46  Medivac  
  77  5:47  Medivac  
  77  5:48  Marauder x2  
  88  5:50  Widow Mine  
  88  5:52  Widow Mine  
  88  5:55  Supply Depot  
  92  6:04  Supply Depot  
  92  6:05  Marine x2  
  92  6:07  Concussive Shells  
  92  6:10  Marauder x2  
  98  6:12  Widow Mine  
  98  6:13  Widow Mine  
  98  6:17  Medivac  
  104  6:19  Supply Depot  
  104  6:24  Medivac  
  104  6:25  Marine x2  
  107  6:27  Supply Depot  
  107  6:32  Marauder x2  
  112  6:34  Widow Mine x2  
  114  6:40  Command Center  
  114  6:45  Marine  
  114  6:46  Marine  
  115  6:54  Marauder x2  
  119  6:58  Widow Mine x2  
  122  7:02  Medivac x2  
  122  7:03  Supply Depot, Marine x2  
  128  7:10  SCV  
  128  7:11  SCV  
  128  7:12  Supply Depot  
  130  7:16  Marauder x2  
  134  7:25  Widow Mine x2, Marine x2  
  136  7:37  Marauder x2  
  136  7:42  Marine x2  
  140  7:45  Medivac x2  
  140  7:47  Widow Mine x2  
  146  7:55  Orbital Command  
  131  7:59  Marauder x2  
  131  8:00  Marine x2  
  137  8:08  SCV  
  137  8:09  Widow Mine x2, SCV  
  137  8:11  Orbital Command  
  143  8:13  Barracks  
  143  8:14  Barracks  
  143  8:18  Marine x2  
  145  8:20  Marauder x2, SCV  
  145  8:21  SCV  
  151  8:30  Widow Mine x2  
  155  8:39  Marine x2  
  155  8:40  SCV x2  
  158  8:41  Marauder  
  158  8:42  Marauder  
Tags
 
Add a new tag
Caveats
  • Supply blocks, unpowered buildings, or Contaminate may cause inaccurate times.
  • Supply counts are checked every 10 seconds.